 Dungeon Crawl Stone Soup version 0.21.1-1-g345015f (webtiles) character file.

15187 shakethe the Grappler (level 11, -20/101 HPs)
             Began as a Troll Monk on Feb 9, 2018.
             Was a High Priest of Cheibriados.
             Demolished by an orc warlord
             ... wielding a +2 great sword of electrocution
              (26 damage)
             ... on level 12 of the Dungeon.
             The game lasted 00:53:26 (11236 turns).

shakethe the Grappler (Troll Monk)                 Turns: 11236, Time: 00:53:26

Health: -20/101    AC: 11    Str: 40    XL:     11   Next: 98%
Magic:  16/17      EV: 14    Int: 22    God:    Cheibriados [*****.]
Gold:   284        SH: 21    Dex: 29    Spells: 12/20 levels left

rFire    . . .     SeeInvis .     - Unarmed
rCold    . . .     Gourm    +   L - +0 large shield
rNeg     . . .     Faith    .   K - +0 robe of Tempters {Int+2}
rPois    .         Spirit   .   (helmet restricted)
rElec    .         Reflect  .   s - +2 cloak
rCorr    .         Harm     +   (gloves unavailable)
MR       +....     Clarity  +   (boots unavailable)
Stlth    +++.......             l - amulet of harm
HPRegen  0.66/turn              v - ring of protection from magic {MR+, !d}
MPRegen  0.15/turn              C - +3 ring of protection

@: mighty, appendage, very slow
A: large, unfitting armour, claws 3, horns 2, clarity, fast metabolism 3,
gourmand, regeneration 1, shaggy fur 1, tough skin 2, wild magic 1
a: End Transformation, Bend Time, Temporal Distortion, Slouch, Step From Time,
Renounce Religion


You were on level 12 of the Dungeon.
You worshipped Cheibriados.
Cheibriados was extremely pleased with you.
You were very full.
You had grown temporary horns.
You visited 3 branches of the dungeon, and saw 14 of its levels.
You also visited: Sewer and Ossuary.

You collected 630 gold pieces.
You spent 346 gold pieces at shops.

Inventory:

Missiles
 d - a throwing net {=f, !d}
Armour
 a - a +0 robe
 s - a +2 cloak (worn)
   (You took it off Crazy Yiuf on level 4 of the Dungeon)
 K - the +0 robe of Tempters (worn) {Int+2}
   (You bought it in a shop on level 8 of the Dungeon)

   It affects your intelligence (+2).
 L - a +0 large shield (worn)
   (You bought it in a shop on level 8 of the Dungeon)
 N - a scarf of cloud immunity
   (You found it on level 11 of the Dungeon)
Jewellery
 k - an uncursed ring of stealth {Stlth+}
   (You found it on level 2 of the Dungeon)
 l - an amulet of harm (around neck)
   (You took it off a kobold on level 2 of the Dungeon)
 v - a ring of protection from magic (left claw) {MR+, !d}
   (You found it on level 5 of the Dungeon)
 x - an uncursed ring of protection from magic {MR+, !d}
   (You found it on level 9 of the Dungeon)
 A - an uncursed amulet of guardian spirit {Spirit}
   (You found it on level 5 of the Dungeon)
 C - a +3 ring of protection (right claw)
   (You found it on level 6 of the Dungeon)
 H - an uncursed ring of protection from magic {MR+, !d}
   (You took it off an orc on level 10 of the Dungeon)
Wands
 B - a wand of disintegration (35)
   (You found it on level 6 of the Dungeon)
 E - a wand of flame (28)
   (You took it off Duvessa on level 7 of the Dungeon)
 F - a wand of scattershot (7)
   (You found it on level 7 of the Dungeon)
 G - a wand of acid (6)
   (You found it on level 7 of the Dungeon)
 J - a wand of polymorph (7)
   (You found it on level 8 of the Dungeon)
 M - a wand of enslavement (8)
   (You found it on level 10 of the Dungeon)
Scrolls
 c - 2 scrolls of noise {unknown}
 i - 10 scrolls of amnesia
 j - 4 scrolls of magic mapping {!r}
 n - 2 scrolls of fog
 p - a scroll of enchant weapon
 q - 3 scrolls of teleportation
 r - 3 scrolls of remove curse
 I - 3 scrolls of identify
Potions
 e - 2 potions of lignification {!q}
 f - 10 potions of curing
 m - 3 potions of might
 o - 2 potions of magic
 t - 2 potions of haste {unknown}
 u - 2 potions of flight
 w - a potion of cancellation
 z - a potion of agility
 P - a potion of invisibility {unknown}
Books
 g - a book of Changes
   (You found it on level 2 of the Dungeon)
 h - a book of Cantrips
   (You found it on level 12 of the Dungeon)
Miscellaneous
 y - a lamp of fire
   (You found it on level 9 of the Dungeon)
Comestibles
 b - 28 rations
 D - 9 chunks of flesh {@w0}


   Skills:
 - Level 4.3 Fighting
 - Level 7.4 Dodging
 - Level 1.0 Stealth
 * Level 6.5 Shields
 - Level 11.2 Unarmed Combat
 - Level 5.1 Spellcasting
 - Level 6.1 Transmutations
 - Level 3.6 Invocations


You had 12 spell levels left.
You knew the following spells:

 Your Spells              Type           Power        Failure   Level  Hunger
a - Beastly Appendage     Tmut           #####.       8%          1    None
b - Ice Form              Ice/Tmut       ###.....     90%         4    ####...
c - Spider Form           Tmut/Pois      ###.......   54%         3    ##.....


Dungeon Overview and Level Annotations

Branches:
Dungeon (12/15)            Temple (1/1) D:5            Lair (0/6) D:11
    Orc (1/2) D:12

Altars:
Ashenzari
Cheibriados
Dithmenos
Elyvilon
Fedhas
Gozag
Hepliaklqana
Kikubaaqudgha
Makhleb
Nemelex Xobeh
Okawaru
Qazlal
Ru
Sif Muna
Trog
Uskayaw
Vehumet
Wu Jian
Xom
Yredelemnul
Zin
The Shining One
Beogh

Shops:
D:8 [}}(%   D:9 *

Annotations:
D:5 exclusion: oklob plant
D:8 5 runed doors


Innate Abilities, Weirdness & Mutations

You are too large for most types of armour.
You have claws for hands.
Your metabolism is lightning-fast.
You like to eat raw meat.
Your natural rate of healing is unusually fast.
You are covered in fur. (AC +1)
You have very tough skin. (AC +2)
You have a pair of horns on your head.
You possess an exceptional clarity of mind.
Your spells are a little harder to cast, but a little more powerful.


Message History

D - 9 chunks of flesh {@w0} (gained 6)
Your transformation is almost over.
You regained 2 hp, and now have 97/101 hp.
Health restored: 101 Your horns disappear.
An orc wizard comes into view. It is wielding a dagger.
The orc wizard casts a spell at you. The puff of flame hits you!
You take 12 damage, and have 89/101 hp.
The orc wizard gestures wildly while chanting.
The orc wizard flickers and vanishes!
Deactivating autopickup; reactivate with Ctrl-A.
A puff of flame appears from out of thin air!
You block the puff of flame.
You regained 2 hp, and now have 92/101 hp.
You hear some strange, mumbled words.
Something tries to affect you, but you resist.
Found a stone staircase leading down.
You hear some strange, mumbled words.
A magic dart appears from out of thin air!
The magic dart hits you! You block something's attack.
You take 3 damage, and have 91/101 hp.
An orc comes into view. It is wielding a club.
The orc shouts!
You hear a shout! x3; You hear some strange, mumbled words.
A magic dart appears from out of thin air!
The magic dart hits you!
An orc sorcerer, an orc warlord and a troll come into view.
The orc warlord is wielding a great sword of electrocution.
You regained 2 hp, and now have 93/101 hp.
The troll shouts!
You hear a shout! x3
Something hits you but does no damage. You block something's attack.
The orc warlord roars a battlecry!
The orcs go into a battle-frenzy!
Something hits you.
You hear a shout!
You block something's attack.
You regained 2 hp, and now have 96/101 hp.
Something hits you but does no damage. Something hits you.
The orc sorcerer casts a spell.
The troll barely misses you. The troll completely misses you.
You block the troll's attack.
An orc comes into view. It is wielding a club.
You regained 2 hp, and now have 100/101 hp.
Something hits you but does no damage. x2
An orc warrior comes into view. It is wielding a dire flail.
Health restored: 101 You block the orc's attack.
An orc comes into view.
The orc shouts!
You hear a shout!
The orc no longer looks unusually strong.
The orc sorcerer hits you but does no damage.
An orc priest comes into view.
The orc no longer looks unusually strong. x2
The orc sorcerer no longer looks unusually strong.
The orc sorcerer points at you and mumbles some strange words.
The bolt of fire misses you. You block the troll's attack. x2
The troll claws you.
An orc warrior comes into view. It is wielding a dire flail.
The orc warrior shouts!
There is a stone staircase leading down here.
You take 3 damage, and have 98/101 hp.
Something hits you.
There is a staircase back to the Dungeon here.
You take 2 damage, and have 96/101 hp.
The smoke demon disappears in a puff of smoke!
You hear some strange, mumbled words.
A puff of flame appears from out of thin air!
You block the puff of flame.
The orc priest casts a cantrip, but nothing happens.
You climb upwards.
Welcome back to the Dungeon!
There is a staircase to the Orcish Mines here.
You regained 2 hp, and now have 98/101 hp.
You grow a pair of large bovine horns.
The orc warlord roars a battlecry!
You block something's attack.
You now have 16/17 mp.
You claw the orc warlord! You headbutt the orc warlord!
The orc warlord hits you with a great sword of electrocution!!
Something hits you but does no damage.
You take 39 damage, and have 59/101 hp.
MASSIVE DAMAGE!!
You feel very mighty all of a sudden.
The orc warlord hits you with a great sword of electrocution!!
* * * LOW HITPOINT WARNING * * *
You are electrocuted!
* * * LOW HITPOINT WARNING * * *
You hear some strange, mumbled words.
A magic dart appears from out of thin air!
The magic dart hits you!
* * * LOW HITPOINT WARNING * * *
You take 54 damage, and have 5/101 hp.
MASSIVE DAMAGE!!
You scratch the orc warlord. Your headbutt misses the orc warlord.
You mangle the orc warlord!! You headbutt the orc warlord.
An orc wizard appears from thin air!
Reactivating autopickup.
You block the orc wizard's attack.
The orc warlord hits you with a great sword of electrocution!!
You die...

#.....# #.....#
#.._..# #).)))#
#...[.# #########)###
#.....#8...8##
#.......)....#
#........@...#
..........o.o..#######
.......#+###.........#
.......#..[(.........#
.......#..)#.........#
.......#...#.........#
....<..#...#.........#
###.#.........#
#.###.......#


You could see an orc warlord and an orc wizard.

Vanquished Creatures
  The ghost of Quirk the Blocker, a journeyman GnFi of Ashenzari (D:11)
  An unseen horror (D:11)
  The ghost of othur the Nimble, a novice MiFi of Yredelemnul (D:6)
  A gargoyle (D:10)
  3 kobold demonologists (D:11)
  A freezing wraith (D:11)
  A troll (Orc:1)
  A queen bee (D:9)
  2 hippogriffs (D:9)
  Sigmund (D:3)
  A wraith (D:11)
  14 yaks
  A human (D:8)
  A soldier ant (D:11)
  2 water moccasins
  2 hell hounds (D:11)
  Duvessa (D:7)
  The ghost of shakethe the Ruffian, an amateur TrMo (D:3)
  2 ice beasts (D:10)
  3 orc warriors
  2 sky beasts
  5 ogres
  A black bear (D:9)
  A necrophage (D:11)
  5 phantoms
  12 centaurs (D:11)
  A big kobold (D:11)
  6 bullfrogs
  Dowan (D:7)
  A water moccasin zombie (D:5)
  A wyvern skeleton (D:10)
  10 scorpions
  29 killer bees
  8 wights
  5 crimson imps
  4 howler monkeys
  9 hounds
  2 centaur zombies
  Crazy Yiuf (D:4)
  A centaur skeleton (D:10)
  12 orc priests
  2 iguanas
  2 jellies
  10 orc wizards
  2 human zombies (Ossuary)
  Natasha (thrice) (D:3)
  3 worker ants
  Terence (D:3)
  A hound zombie (D:10)
  4 mummies
  A hound skeleton (D:7)
  2 worker ant zombies
  6 gnolls
  A howler monkey skeleton (D:7)
  3 scorpion zombies (Ossuary)
  12 adders
  4 river rats (Sewer)
  2 shadow imps
  A white imp (D:7)
  2 oozes (D:2)
  3 adder skeletons
  3 adder zombies (D:2)
  4 worms
  3 dart slugs
  9 leopard geckos
  50 orcs
  6 bats
  12 giant cockroaches
  2 gnoll zombies (Ossuary)
  9 goblins
  4 hobgoblins
  12 jackals
  5 quokkas
  11 ball pythons
  6 frilled lizards
  A giant cockroach zombie (D:2)
  2 goblin skeletons (D:7)
  4 goblin zombies
  7 hobgoblin zombies
  13 kobolds
  2 kobold skeletons (D:7)
  4 kobold zombies
  2 orc skeletons (D:7)
  2 orc zombies
  A quokka skeleton (D:5)
  29 rats
426 creatures vanquished.

Vanquished Creatures (others)
  17 toadstools (D:5)
17 creatures vanquished.

Grand Total: 443 creatures vanquished

Notes
Turn   | Place    | Note
-------+----------+-------------------------------------------
     0 | D:1      | shakethe the Troll Monk began the quest for the Orb.
     0 | D:1      | Reached XP level 1. HP: 22/22 MP: 0/0
   527 | D:1      | Reached XP level 2. HP: 29/29 MP: 1/1
  1174 | D:2      | Learned a level 1 spell: Beastly Appendage
  1185 | D:2      | Reached XP level 3. HP: 34/36 MP: 2/2
  1422 | D:2      | Reached skill level 4 in Unarmed Combat
  1471 | D:2      | HP: 5/36 [gnoll/whip (9)]
  1481 | D:2      | HP: 9/36 [bat (1)]
  1505 | D:2      | HP: 8/36 [gnoll/enchanted halberd (13)]
  1519 | D:2      | HP: 3/36 [gnoll/enchanted halberd (8)]
  1604 | D:2      | HP: 9/36 [gnoll/spear of freezing (1)]
  1689 | D:2      | Reached XP level 4. HP: 35/44 MP: 3/3
  1844 | D:2      | Reached skill level 3 in Dodging
  2317 | D:3      | Reached XP level 5. HP: 50/50 MP: 5/5
  2415 | D:3      | Noticed Terence
  2426 | D:3      | Killed Terence
  2426 | D:3      | Reached skill level 1 in Transmutations
  2439 | D:3      | Noticed shakethe's ghost (amateur TrMo)
  2446 | D:3      | Reached skill level 1 in Spellcasting
  2449 | D:3      | HP: 12/50 [orc/flail (9)]
  2544 | D:3      | Killed shakethe's ghost
  2544 | D:3      | Reached skill level 5 in Unarmed Combat
  2544 | D:3      | Reached XP level 6. HP: 40/59 MP: 6/6
  2799 | D:3      | Noticed Natasha
  2802 | D:3      | Killed Natasha
  2815 | D:3      | Noticed Natasha
  2820 | D:3      | Killed Natasha
  2833 | D:3      | Noticed Natasha
  2840 | D:3      | Killed Natasha
  2915 | D:3      | Noticed Sigmund
  2923 | D:3      | Killed Sigmund
  2923 | D:3      | Reached skill level 2 in Transmutations
  2923 | D:3      | Reached XP level 7. HP: 38/66 MP: 8/8
  2999 | D:3      | Reached skill level 6 in Dodging
  2999 | D:3      | Reached skill level 9 in Unarmed Combat
  2999 | D:3      | Reached skill level 3 in Spellcasting
  2999 | D:3      | Reached skill level 4 in Transmutations
  2999 | D:3      | Reached XP level 8. HP: 74/74 MP: 8/12
  3004 | D:3      | Gained mutation: You evolve. [potion of mutation]
  3004 | D:3      | Gained mutation: Your magical capacity is low. (-10% MP) [potion of mutation]
  3004 | D:3      | Gained mutation: You have a pair of small horns on your head. [potion of mutation]
  3062 | D:4      | Reached skill level 10 in Unarmed Combat
  3240 | D:4      | Found a glowing drain.
  3262 | Sewer    | Entered a sewer
  3481 | Sewer    | Reached skill level 4 in Spellcasting
  3488 | Sewer    | HP: 18/74 [bullfrog (2)]
  3490 | Sewer    | HP: 8/74 [adder (1)]
  3713 | D:4      | Gained mutation: Your mind is acute. (Int +2) [evolution]
  3747 | D:4      | HP: 17/74 [orc/whip (7)]
  4335 | D:4      | Found a runed door.
  4381 | D:4      | Noticed Crazy Yiuf
  4387 | D:4      | Killed Crazy Yiuf
  4415 | D:5      | Entered Level 5 of the Dungeon
  4626 | D:5      | Found a sand-covered staircase.
  4629 | D:5      | Reached XP level 9. HP: 80/80 MP: 12/12
  4632 | Ossuary  | Entered an ossuary
  4647 | Ossuary  | Reached skill level 5 in Transmutations
  5242 | D:5      | Found a staircase to the Ecumenical Temple.
  5259 | Temple   | Entered the Ecumenical Temple
  5511 | Temple   | Became a worshipper of Cheibriados the Contemplative
  5511 | Temple   | Reached * piety under Cheibriados
  5511 | Temple   | Reached ** piety under Cheibriados
  5763 | D:5      | Found a blossoming altar of Fedhas.
  5790 | D:5      | Noticed an oklob plant
  5831 | D:6      | Noticed othur's ghost (novice MiFi)
  5846 | D:6      | Killed othur's ghost
  5937 | D:6      | Reached skill level 1 in Invocations
  6137 | D:6      | Lost mutation: You evolve. [evolution]
  6544 | D:6      | Found a shattered altar of Ashenzari.
  7159 | D:7      | Reached skill level 3 in Fighting
  7241 | D:7      | Noticed Duvessa
  7245 | D:7      | Noticed Dowan
  7250 | D:7      | Killed Duvessa
  7250 | D:7      | Reached *** piety under Cheibriados
  7250 | D:7      | Reached XP level 10. HP: 72/91 MP: 14/14
  7254 | D:7      | Killed Dowan
  7331 | D:7      | Found a glowing golden altar of the Shining One.
  7835 | D:8      | Found Sezamp's Antique Armour Emporium.
  7840 | D:8      | Learned a level 3 spell: Spider Form
  7845 | D:8      | Learned a level 4 spell: Ice Form
  7859 | D:8      | Reached **** piety under Cheibriados
  7881 | D:8      | Found Lam Lerchump's Gadget Shop.
  7893 | D:8      | Bought a fabulously ornate robe for 193 gold pieces
  7893 | D:8      | Bought a large shield for 153 gold pieces
  7893 | D:8      | Identified the +0 robe of Tempters {Int+2} (You bought it in a shop on level 8 of the Dungeon)
  7951 | D:8      | Found Tiyb's Antique Weapon Boutique.
  8037 | D:8      | Found Vetsuh's Food Shop.
  8044 | D:8      | Reached skill level 2 in Invocations
  8238 | D:8      | Found the +9 staff of Olgreb {rPois}
  8244 | D:8      | Found a runed door.
  8249 | D:8      | Found a runed gate.
  8294 | D:8      | Found a runed gate.
  8306 | D:8      | Found a runed gate.
  8314 | D:8      | Found a runed door.
  8356 | D:8      | Found Enlof's Gadget Boutique.
  8545 | D:9      | Found Bocluur's Changing Room.
  8659 | D:9      | Found an iron altar of Okawaru.
  8789 | D:9      | Reached skill level 1 in Shields
  8791 | D:9      | Reached skill level 7 in Dodging
  8797 | D:9      | Reached ***** piety under Cheibriados
  8813 | D:9      | Reached skill level 11 in Unarmed Combat
  8830 | D:9      | HP: 17/91 [killer bee (8)]
  8836 | D:9      | HP: 20/91 [killer bee (4)]
  9317 | D:10     | Entered Level 10 of the Dungeon
  9352 | D:10     | Reached skill level 3 in Invocations
  9355 | D:10     | Reached XP level 11. HP: 98/98 MP: 15/15
  9452 | D:10     | Lost mutation: Your magical capacity is low. (-10% MP) [potion of mutation]
  9452 | D:10     | Lost mutation: Your mind is acute. (Int +2) [potion of mutation]
  9452 | D:10     | Lost mutation: You have a pair of small horns on your head. [potion of mutation]
  9452 | D:10     | Gained mutation: Your spells are a little harder to cast, but a little more powerful. [potion of mutation]
  9452 | D:10     | Gained mutation: You possess an exceptional clarity of mind. [potion of mutation]
  9643 | D:10     | Reached skill level 4 in Fighting
  9643 | D:10     | Reached skill level 2 in Shields
  9882 | D:11     | Found a basalt altar of Yredelemnul.
  9898 | D:11     | Reached skill level 5 in Spellcasting
  9992 | D:11     | Reached skill level 6 in Transmutations
 10006 | D:11     | HP: 25/100 [freezing wraith[a death knight] (7)]
 10017 | D:11     | HP: 23/100 [freezing wraith[a death knight] (24)]
 10219 | D:11     | Killed an unseen horror
 10219 | D:11     | Reached skill level 3 in Shields
 10274 | D:11     | Reached skill level 4 in Shields
 10278 | D:11     | Reached ****** piety under Cheibriados
 10462 | D:11     | Noticed a phantasmal warrior
 10467 | D:11     | HP: 25/101 [phantasmal warrior[a death knight] (42)]
 10580 | D:11     | Found a staircase to the Lair.
 10721 | D:11     | Noticed Quirk's ghost (journeyman GnFi)
 10736 | D:11     | Killed Quirk's ghost
 10736 | D:11     | Reached skill level 5 in Shields
 10748 | D:11     | Noticed a death knight
 10932 | D:12     | Found an iron altar of Okawaru.
 10993 | D:12     | Reached skill level 6 in Shields
 10999 | D:12     | Noticed a purple ugly thing
 11012 | D:12     | Found a staircase to the Orcish Mines.
 11112 | D:12     | Found a roughly hewn altar of Beogh.
 11190 | Orc:1    | Entered Level 1 of the Orcish Mines
 11218 | Orc:1    | Noticed an orc warlord
 11218 | Orc:1    | Noticed an orc sorcerer
 11234 | D:12     | HP: 20/101 [orc warlord/great sword of electrocution (40)]
 11234 | D:12     | HP: 7/101 [orc warlord/great sword of electrocution (13)]
 11236 | D:12     | Demolished by an orc warlord

Skill      XL: |  1  2  3  4  5  6  7  8  9 10 11 |
---------------+----------------------------------+-----
Unarmed Combat | 4 5 9 10 11 | 11.2
Dodging        | 3 6 7 |  7.4
Transmutations | 1 2 4 5 6 |  6.1
Spellcasting   | 1 3 4 5 |  5.1
Invocations    | 1 3 |  3.6
Fighting       | 3 4 |  4.3
Shields        | 1 6 |  6.5
Stealth        | |  1.0

Action                   |  1- 3 |  4- 6 |  7- 9 | 10-12 || total
-------------------------+-------+-------+-------+-------++-------
Melee: Unarmed           |    72 |   173 |   348 |   372 ||   965
       Punch             |       |     4 |    16 |    17 ||    37
       Headbutt          |       |       |    53 |    69 ||   122
       Kick              |       |       |     3 |    87 ||    90
 Cast: Beastly Appendage |       |       |     3 |    28 ||    31
Invok: Bend Time         |       |       |       |     2 ||     2
       Slouch            |       |       |       |     2 ||     2
       Temporal Distorti |       |       |       |     2 ||     2
  Use: Scroll            |       |       |     6 |    21 ||    27
       Potion            |       |       |     6 |     6 ||    12
 Stab: Sleeping          |     6 |     2 |     9 |     5 ||    22
  Eat: Chunk             |    10 |    12 |    28 |    34 ||    84
       Ration            |     1 |     1 |     1 |       ||     3
Armor: Robe              |    31 |    35 |    95 |   123 ||   284
Dodge: Dodged            |    67 |    86 |   231 |   332 ||   716
Block: Large shield      |       |       |       |    83 ||    83

Vault maps used:
D:1:      dpeg_arrival_pond
D:2:      serial_undead, serial_undead_d, serial_undead_b, serial_undead_a,
          serial_undead_e
D:3:      uniq_sigmund, uniq_terence, uniq_natasha
D:4:      portal_sewer_entry_b, uniq_crazy_yiuf_cottage
D:5:      temple_green, first_ration, nicolae_ossuary_entry_giza, tgw_fedhas
D:6:      basic_altar, item_on_display_a
D:7:      nicolae_tso_besieged_by_evil, uniq_duvessa
D:8:      serial_shops, nicolae_shop_behind_doors, nicolae_shop_waterfront,
          nicolae_shop_overgrown_old_shop, shop,
          nicolae_shop_temple_entry_statues_fountains, grunt_pizzeria,
          minmay_guarded_unrand_staff_of_olgreb
D:9:      basic_altar, nicolae_transmutations_shop
D:11:     minmay_lair_entry_lava, basic_altar, kennysheep_another_room,
          kennysheep_generic_room_13
D:12:     minmay_orc_entry_temple_small, okawaru_ov_weapons_minmay
Temple:   roderic_octagonal_lattice_temple
Orc:1:    uniq_maurice
Sewer:    sewer_minmay_w
Ossuary:  ossuary_minmay_scorpions

Table legend:
 A = Turns spent in this place as a percentage of turns spent in the entire game.
 B = Non-inter-level travel turns spent in this place as a percentage of non-inter-level travel turns spent in the entire game.
 C = Inter-level travel turns spent in this place as a percentage of turns spent in this place.
 D = Turns resting spent in this place as a percentage of non-inter-level travel turns spent in this place.
 E = Turns spent auto-exploring this place as a percentage of non-inter-level travel turns spent in this place.
 F = Non-inter-level travel turns spent in this place divided by the number of levels of this place that you've seen.
                   A       B       C       D       E      F
               +-------+-------+-------+-------+-------+----------------------
         Total | 100.0 | 100.0 |   0.9 |   4.9 |  56.6 | 695.9
       Dungeon |  89.7 |  89.9 |   0.7 |   5.3 |  59.3 | 833.8
        Temple |   2.6 |   2.3 |   9.4 |   0.0 |  85.8 | 261.0
  Orcish Mines |   0.4 |   0.4 |   0.0 |   0.0 |   0.0 |  41.0
         Sewer |   3.7 |   3.7 |   0.0 |   0.0 |  24.3 | 416.0
       Ossuary |   3.7 |   3.7 |   0.0 |   3.4 |   9.5 | 411.0
               +-------+-------+-------+-------+-------+----------------------

Table legend:
 A = Kills in this place as a percentage of kills in entire the game.
 B = Kills by you in this place as a percentage of kills by you in the entire game.
 C = Kills by friends in this place as a percentage of kills by friends in the entire game.
 D = Other kills in this place as a percentage of other kills in the entire game.
 E = Experience gained in this place as a percentage of experience gained in the entire game.
 F = Experience gained in this place divided by the number of levels of this place that you have seen.
                   A       B       C       D       E      F
               +-------+-------+-------+-------+-------+----------------------
         Total | 100.0 | 100.0 |   N/A |   N/A | 100.0 | 1308.4
       Dungeon |  82.4 |  82.4 |   N/A |   N/A |  93.0 | 1622.6
  Orcish Mines |   0.2 |   0.2 |   N/A |   N/A |   1.5 | 307.0
         Sewer |  11.3 |  11.3 |   N/A |   N/A |   1.8 | 379.0
       Ossuary |   6.1 |   6.1 |   N/A |   N/A |   3.7 | 777.0
               +-------+-------+-------+-------+-------+----------------------
